 Dungeon Crawl Stone Soup version 0.24-a0-275-g6f7e2cb (webtiles) character file.

Game seed: 9034834762813657148

136 Gorice the Magician (level 5, -2/37 HPs)
             Began as a Gnoll Wizard on Apr 28, 2019.
             Killed by divine providence
             ... invoked by an orc priest
              (10 damage)
             ... on level 2 of the Dungeon.
             The game lasted 00:07:06 (1620 turns).

Gorice the Magician (Gnoll Wizard)                  Turns: 1620, Time: 00:07:06

Health: -2/37      AC:  2    Str: 10    XL:     5   Next: 19%
Magic:  14/14      EV: 14    Int: 21    God:
Gold:   140        SH:  0    Dex: 13    Spells: 10/18 levels left

rFire    . . .     SeeInvis .   a - +2 dagger (elec)
rCold    . . .     Gourm    .   (no shield)
rNeg     . . .     Faith    .   s - +0 robe
rPois    .         Spirit   .   b - +0 hat
rElec    .         Reflect  .   (no cloak)
rCorr    .         Harm     .   (no gloves)
MR       .....                  (no boots)
Stlth    +++.......             (no amulet)
HPRegen  0.12/turn              (no ring)
MPRegen  0.14/turn              (no ring)

@: no status effects
A: distributed training, fangs 1, strong nose
a: no special abilities


You were on level 2 of the Dungeon.
You were not hungry.

You visited 1 branch of the dungeon, and saw 2 of its levels.

You collected 140 gold pieces.

Inventory:

Hand Weapons
 a - a +2 dagger of electrocution (weapon)
   (You took it off a goblin on level 1 of the Dungeon)
 j - a +0 dagger
 n - a +0 short sword
Missiles
 h - 6 silver javelins
 q - 39 bolts
 Y - 55 stones (quivered)
Armour
 b - a +0 hat (worn)
 p - a +0 ring mail
 s - a +0 robe (worn)
 w - a +0 buckler
Scrolls
 c - 3 scrolls of identify {unknown}
 k - a scroll of magic mapping {unknown}
 o - 2 scrolls of teleportation {unknown}
 u - a scroll of immolation {unknown}
 y - a scroll of blinking {unknown}
Potions
 e - a potion of magic {unknown}
 f - 2 potions of curing {unknown}
 g - 2 potions of heal wounds {unknown}
 i - 2 potions of berserk rage {unknown}
 l - a potion of brilliance {unknown}
 m - 2 potions of mutation {unknown}
 r - a potion of lignification {unknown}
 v - 2 potions of degeneration {unknown}
 x - a potion of flight {unknown}
Comestibles
 d - 4 rations
 t - 5 chunks of flesh


   Skills:
 + Level 1.3 Fighting
 + Level 1.3 Short Blades
 + Level 1.3 Long Blades
 + Level 1.3 Axes
 + Level 1.3 Maces & Flails
 + Level 1.3 Polearms
 + Level 1.3 Staves
 + Level 1.3 Slings
 + Level 1.3 Bows
 + Level 1.3 Crossbows
 + Level 1.3 Throwing
 + Level 1.3 Armour
 + Level 4.7 Dodging
 + Level 4.3 Stealth
 + Level 1.3 Shields
 + Level 1.3 Unarmed Combat
 + Level 7.2 Spellcasting
 + Level 2.3 Conjurations
 + Level 1.1 Hexes
 + Level 1.1 Charms
 + Level 2.3 Summonings
 + Level 1.1 Necromancy
 + Level 2.3 Translocations
 + Level 1.1 Transmutations
 + Level 1.1 Fire Magic
 + Level 1.1 Ice Magic
 + Level 1.1 Air Magic
 + Level 1.1 Earth Magic
 + Level 1.1 Poison Magic
 + Level 1.5 Invocations
 + Level 1.3 Evocations


You had 10 spell levels left.
You knew the following spells:

 Your Spells              Type           Power        Failure   Level  Hunger
a - Magic Dart            Conj           ###.         3%          1    None
c - Conjure Flame         Conj/Fire      ##......     13%         3    None
i - Call Imp              Summ           ###.....     4%          2    None
J - Blink                 Tloc           N/A          4%          2    None

Your spell library contained the following spells:

 Spells                   Type           Power        Failure   Level  Hunger
 Apportation              Tloc           ###...       3%          1    None
 Summon Small Mammal      Summ           ###.         3%          1    None
 Animate Skeleton         Necr           N/A          5%          1    None
 Confusing Touch          Hex            ##....       5%          1    None
 Slow                     Hex            ##......     9%          2    None
 Mephitic Cloud           Conj/Pois/Air  ##......     14%         3    None


Dungeon Overview and Level Annotations

Branches:
Dungeon (2/15)

Altars:
Uskayaw


Innate Abilities, Weirdness & Mutations

Your experience applies equally to all skills.
You have very sharp teeth.
Your uncanny sense of smell can sniff out nearby items.


Message History

Confirm with . or Enter, or press ? or * to list all spells.
Aiming: Magic Dart (safe; 3% risk of failure)
Press: ? - help, Shift-Dir - straight line, f/p - ogre
Aim: an ogre, wielding a +0 giant spiked club (almost dead)
The magic dart hits the ogre.
You kill the ogre!
Your Hexes skill increases to level 1!
Your Charms skill increases to level 1!
Your Necromancy skill increases to level 1!
Your Transmutations skill increases to level 1!
Your Fire Magic skill increases to level 1!
Your Ice Magic skill increases to level 1!
Your Air Magic skill increases to level 1!
Your Earth Magic skill increases to level 1!
Your Poison Magic skill increases to level 1!
You have reached level 4!
You feel stronger.
You have reached level 5!
Things that are here:
a +0 giant spiked club; an ogre corpse You butcher the ogre corpse.
t - 9 chunks of flesh (gained 4)
Things that are here:
a +0 giant spiked club; an ogre skeleton
y - a scroll labeled VOZIOM TYFOO You start resting.
Some of the chunks of flesh in your inventory have rotted away.
Magic restored.
Found a leather armour.
Found a ration.
Found 3 gold pieces.
d - 4 rations (gained 1)
An orc priest comes into view. It is wielding a +0 flail.
An orc, an orc priest and an orc wizard come into view.
An orc comes into view. It is wielding a +0 dagger.
The orc shouts!
The orc priest shouts! x2; The orc wizard shouts!
Found 8 gold pieces.
Some of the chunks of flesh in your inventory have rotted away.
The orc priest invokes the aid of Beogh against you.
Beogh smites you!
Damage: 14 (max 14)
The orc shouts!
The orc priest mumbles some strange prayers to Beogh against you.
Beogh smites you!
* * * LOW HITPOINT WARNING * * *
Damage: 16 (max 16) Unknown command.
The orc priest begins to cast a cantrip, but forgets the words!
The orc priest calls down the wrath of Beogh upon you.
Beogh smites you!
You die...

.#.......#...#
#.....#
.#.......#...#
#.....#
##.......#####
###.....### ∆
#.........#
#####.#.......#
##.........###.#
#..#######..# .#
#.###$o$###....# ..
#@##.....# ..#.# ...
#.#..oo...#..# #
...####.#.#...#.#..#
.......o#o......#..#
........#.......#
........#.......#
........#.#...#.#
#######o#.......#
#..........


You could see an orc priest and an orc.

Vanquished Creatures
  An ogre (D:2)
  2 adders
  A worm (D:2)
  2 dart slugs (D:1)
  2 leopard geckos
  2 bats
  A giant cockroach (D:1)
  4 goblins (D:1)
  2 hobgoblins (D:1)
  4 jackals (D:1)
  2 kobolds (D:1)
  4 rats
27 creatures vanquished.

Notes
Turn   | Place    | Note
-------+----------+-------------------------------------------
     0 | D:1      | Gorice the Gnoll Wizard began the quest for the Orb.
     0 | D:1      | Reached XP level 1. HP: 13/13 MP: 8/8
   109 | D:1      | Reached skill level 2 in Conjurations
   109 | D:1      | Reached skill level 2 in Summonings
   109 | D:1      | Reached skill level 2 in Translocations
   145 | D:1      | Reached XP level 2. HP: 19/19 MP: 2/10
   695 | D:1      | Reached XP level 3. HP: 25/25 MP: 6/11
  1247 | D:1      | Learned a level 2 spell: Blink
  1250 | D:1      | Learned a level 2 spell: Call Imp
  1254 | D:1      | Learned a level 3 spell: Conjure Flame
  1278 | D:2      | Reached skill level 1 in Invocations
  1367 | D:2      | Found a hide-covered altar of Uskayaw.
  1415 | D:2      | Reached skill level 1 in Fighting
  1415 | D:2      | Reached skill level 1 in Short Blades
  1415 | D:2      | Reached skill level 1 in Long Blades
  1415 | D:2      | Reached skill level 1 in Axes
  1415 | D:2      | Reached skill level 1 in Maces & Flails
  1415 | D:2      | Reached skill level 1 in Polearms
  1415 | D:2      | Reached skill level 1 in Staves
  1415 | D:2      | Reached skill level 1 in Slings
  1415 | D:2      | Reached skill level 1 in Bows
  1415 | D:2      | Reached skill level 1 in Crossbows
  1415 | D:2      | Reached skill level 1 in Throwing
  1415 | D:2      | Reached skill level 1 in Armour
  1415 | D:2      | Reached skill level 1 in Shields
  1415 | D:2      | Reached skill level 1 in Unarmed Combat
  1415 | D:2      | Reached skill level 1 in Evocations
  1467 | D:2      | Noticed an ogre
  1486 | D:2      | Killed an ogre
  1486 | D:2      | Reached skill level 1 in Hexes
  1486 | D:2      | Reached skill level 1 in Charms
  1486 | D:2      | Reached skill level 1 in Necromancy
  1486 | D:2      | Reached skill level 1 in Transmutations
  1486 | D:2      | Reached skill level 1 in Fire Magic
  1486 | D:2      | Reached skill level 1 in Ice Magic
  1486 | D:2      | Reached skill level 1 in Air Magic
  1486 | D:2      | Reached skill level 1 in Earth Magic
  1486 | D:2      | Reached skill level 1 in Poison Magic
  1486 | D:2      | Reached XP level 4. HP: 32/32 MP: 1/13
  1486 | D:2      | Reached XP level 5. HP: 37/37 MP: 1/14
  1611 | D:2      | HP: 7/37 [orc priest/divine providence (16)]
  1620 | D:2      | Killed from afar by an orc priest

Levels and vault maps discovered:
D:1:      kilobyte_arrival_exit_the_forest, layout_basic
D:2:      cheibrodos_pilgrimage, layout_basic, eat_drink_and_be_merry_uskayaw,
          nicolae_dithmenos_shadow_blocks

Skill      XL: |  1  2  3 |
---------------+----------+-----
Conjurations   | 2 |  2.3
Summonings     | 2 |  2.3
Translocations | 2 |  2.3
Invocations    | 1 |  1.5
Fighting       | 1 |  1.3
Short Blades   | 1 |  1.3
Long Blades    | 1 |  1.3
Axes           | 1 |  1.3
Maces & Flails | 1 |  1.3
Polearms       | 1 |  1.3
Staves         | 1 |  1.3
Slings         | 1 |  1.3
Bows           | 1 |  1.3
Crossbows      | 1 |  1.3
Throwing       | 1 |  1.3
Armour         | 1 |  1.3
Shields        | 1 |  1.3
Unarmed Combat | 1 |  1.3
Evocations     | 1 |  1.3
Hexes          | 1 |  1.1
Charms         | 1 |  1.1
Necromancy     | 1 |  1.1
Transmutations | 1 |  1.1
Fire Magic     | 1 |  1.1
Ice Magic      | 1 |  1.1
Air Magic      | 1 |  1.1
Earth Magic    | 1 |  1.1
Poison Magic   | 1 |  1.1
Dodging        | |  4.7
Stealth        | |  4.3
Spellcasting   | |  7.2

Action                   |  1- 3 |  4- 6 || total
-------------------------+-------+-------++-------
Melee: Short sword       |     5 |       ||     5
       Dagger            |     1 |       ||     1
 Cast: Magic Dart        |    68 |     1 ||    69
       Conjure Flame     |     1 |       ||     1
       Blink             |     1 |       ||     1
 Stab: Sleeping          |     1 |       ||     1
  Eat: Chunk             |     2 |       ||     2
Armor: Robe              |     2 |       ||     2
Dodge: Dodged            |     5 |       ||     5

Table legend:
 A = Non-vault XP
 B = Vault XP
 C = Vault XP percentage of total XP
 D = Non-vault monster count
 E = Vault monster count
 F = Vault count percentage of total count
                 A         B        C        D         E       F
            +---------+---------+-------+---------+---------+-------
      Total |     195 |       0 |   0.0 |      27 |       0 |   0.0
            +---------+---------+-------+---------+---------+-------
        D:1 |      55 |       0 |   0.0 |      21 |       0 |   0.0
        D:2 |     140 |       0 |   0.0 |       6 |       0 |   0.0
            +---------+---------+-------+---------+---------+-------

Table legend:
 A = Turns spent in this place as a percentage of turns spent in the entire game.
 B = Non-inter-level travel turns spent in this place as a percentage of non-inter-level travel turns spent in the entire game.
 C = Inter-level travel turns spent in this place as a percentage of turns spent in this place.
 D = Turns resting spent in this place as a percentage of non-inter-level travel turns spent in this place.
 E = Turns spent auto-exploring this place as a percentage of non-inter-level travel turns spent in this place.
 F = Non-inter-level travel turns spent in this place divided by the number of levels of this place that you've seen.
                   A       B       C       D       E      F
               +-------+-------+-------+-------+-------+----------------------
         Total | 100.0 | 100.0 |   5.7 |  20.6 |  46.7 | 764.0
       Dungeon | 100.0 | 100.0 |   5.7 |  20.6 |  46.7 | 764.0
               +-------+-------+-------+-------+-------+----------------------

Levels and vault maps discovered:
D:1:      kilobyte_arrival_exit_the_forest, layout_basic
D:2:      cheibrodos_pilgrimage, layout_basic, eat_drink_and_be_merry_uskayaw,
          nicolae_dithmenos_shadow_blocks
